 Dungeon Crawl Stone Soup version 0.20.1-1-g8b1a95d (webtiles) character file.

42676 myopia the Bludgeoner (level 13, -14/122 HPs)
             Began as a Minotaur Fighter on Jan 3, 2018.
             Was a High Priest of Okawaru.
             Demolished by a spiny frog (16 damage)
             ... on level 4 of the Lair of Beasts on Jan 4, 2018.
             The game lasted 01:44:46 (17773 turns).

myopia the Bludgeoner (Minotaur Fighter)           Turns: 17773, Time: 01:44:46

Health: -14/122    AC: 23    Str: 22    XL:     13   Next: 86%
Magic:  20/20      EV: 10    Int:  5    God:    Okawaru [*****.]
Gold:   1265       SH:  0    Dex: 14    Spells: 12/12 levels left

rFire    . . .     SeeInvis .   F - +3 dire flail (freeze)
rCold    . . .     Gourm    .   (shield currently unavailable)
rNeg     . . .     Faith    .   P - +0 plate armour
rPois    .         Spirit   .   (helmet restricted)
rElec    .         Reflect  .   J - scarf {repulsion}
rCorr    +         Harm     .   I - +2 pair of gloves
MR       .....                  (no boots)
Stlth    ..........             (no amulet)
Regen    0.3/turn               a - ring of stealth
MPRegen  0.2/turn               C - ring of resist corrosion

@: lethally poisoned (-14 -> -22), heroism, repel missiles
A: retaliatory headbutt, horns 2, yellow scales 2, blink, evolution 1
a: Blink, Heroism, Finesse, Renounce Religion


You were on level 4 of the Lair of Beasts.
You worshipped Okawaru.
Okawaru was extremely pleased with you.
You were not hungry.

You visited 3 branches of the dungeon, and saw 17 of its levels.
You also visited: Ossuary and Ice Cave.

You collected 1265 gold pieces.

Inventory:

Hand Weapons
 q - a +2 mace of protection
 y - a +1 flail of holy wrath
 F - a +3 dire flail of freezing (weapon)
Missiles
 g - 481 arrows
 x - 117 bolts
 H - 14 javelins (quivered)
Armour
 i - a +0 shield of cold resistance
 l - a scarf of spirit shield
 I - a +2 pair of gloves (worn)
 J - a scarf of repulsion (worn)
 P - a +0 plate armour (worn)
Jewellery
 a - a ring of stealth (left hand)
 e - an uncursed ring of fire
 C - a ring of resist corrosion (right hand)
 Z - an uncursed ring of wizardry {unknown}
Wands
 b - a wand of flame (25/48)
 p - a wand of confusion (25/48)
 r - a wand of disintegration (8/24)
 v - a wand of random effects (48/48)
 K - a wand of iceblast (5/15)
 M - a wand of paralysis (14/24)
 N - a wand of confusion (14/48)
 Q - a wand of lightning (5/15)
 R - a wand of lightning (8/15)
 W - a wand of polymorph (13/24)
Scrolls
 d - 6 scrolls of remove curse
 j - 6 scrolls of teleportation
 n - 2 scrolls of fog
 w - 2 scrolls of fear
 z - 6 scrolls of magic mapping
 B - a scroll of acquirement {unknown}
 G - 2 scrolls of blinking
 O - 9 scrolls of identify
 X - a scroll of recharging
Potions
 h - a potion of heal wounds
 o - 4 potions of might
 s - 5 potions of curing
 u - a potion of resistance
 A - 3 potions of flight
 E - 4 potions of lignification
 L - 2 potions of cancellation
 T - a potion of magic {unknown}
 U - a potion of berserk rage
 V - 2 potions of invisibility
Books
 k - a book of Frost

   Spells                             Type                      Level
   a - Freeze                         Ice                          1
   b - Throw Frost                    Conjuration/Ice              2
   c - Ozocubu's Armour               Charms/Ice                   3
   d - Throw Icicle                   Conjuration/Ice              4
   e - Summon Ice Beast               Ice/Summoning                4
 m - a book of Minor Magic

   Spells                             Type                      Level
   a - Magic Dart                     Conjuration                  1
   b - Blink                          Translocation                2
   c - Call Imp                       Summoning                    2
   d - Slow                           Hexes                        2
   e - Conjure Flame                  Conjuration/Fire             3
   f - Mephitic Cloud                 Conjuration/Poison/Air       3
Comestibles
 f - 7 bread rations
 t - 7 meat rations


   Skills:
 + Level 13.3(18.3) Fighting
   Level 9.9(18.5) Axes
 - Level 15.0(21.0) Maces & Flails
 - Level 10.0(15.0) Armour
 - Level 10.0(15.0) Shields
 - Level 11.0 Invocations


You had 12 spell levels left.
You didn't know any spells.

Dungeon Overview and Level Annotations

Branches:
Dungeon (11/15)            Temple (1/1) D:5            Lair (5/6) D:10
  Swamp (0/4) Lair:3        Snake (0/4) Lair:2        Slime (0/5) Lair:5
    Orc (0/2) D:11

Altars:
Ashenzari
Cheibriados
Elyvilon
Fedhas
Gozag
Hepliaklqana
Nemelex Xobeh
Okawaru
Qazlal
Sif Muna
Trog
Xom

Portals:
Trove: D:11 (give +4 fire dragon scales)

Annotations:
D:3 Agrougrou's ghost, amateur OpTm
D:8 exclusion: oklob plant


Innate Abilities, Weirdness & Mutations

You reflexively headbutt those who attack you in melee.
You have a pair of horns on your head.
You are mostly covered in yellow scales. (AC +3)
You can translocate small distances at will.
You evolve.


Message History

The spiny frog stings you but does no damage.
All of the chunks of flesh in your inventory have rotted away.
The spiny frog closely misses you. The spiny frog barely misses you.
You furiously retaliate!
You headbutt the spiny frog. The spiny frog closely misses you.
You furiously retaliate!
You headbutt the spiny frog. The spiny frog stings you!
* * * LOW HITPOINT WARNING * * *
You are poisoned.
The spiny frog poisons you!
* * * LOW HITPOINT WARNING * * *
You feel sick. The spiny frog stings you!
* * * LOW HITPOINT WARNING * * *
* * * LOW HITPOINT WARNING * * *
You feel sick. The spiny frog closely misses you.
* * * LOW HITPOINT WARNING * * *
You feel sick.
The spiny frog stings you but does no damage.
The spiny frog stings you!
You die...

#≈..≈≈..≈≈..## #..#...#.
##≈..≈..≈≈...###....###.
#≈.≈≈...≈≈)..#...##..#.
#.#≈≈≈≈≈≈...#..........
#*#≈.≈.≈≈.......#..#...
#≈..≈≈≈#.P....#..##.#
##...##..≈........#..
#..%#...≈≈.≈.#...#..
###@F..♣≈≈≈..#####..
#....♣.≈≈.#.#.....
####.♣≈≈≈≈..#...#.
#.♣♣≈≈≈P....#..
#...≈.≈...#...#
#.##≈....##..##
####.....##...#
##.........##
#............


You could see a spiny frog.

Vanquished Creatures
  A frost giant (IceCv)
  Nessos (Lair:4)
  Josephine (D:9)
  Erolcha (D:10)
  2 hydras
  A catoblepas (Lair:4)
  The ghost of gddmnbatman the Cleaver, a novice MiBe of Trog (D:9)
  An unseen horror (D:11)
  A cyclops (D:11)
  A mana viper (Lair:2)
  The ghost of flopdemafkees the Chiller, a novice MfIE of Okawaru (Ossuary)
  The ghost of Agrougrou the Insei, a novice OpTm of Makhleb (D:6)
  3 elephants (Lair:5)
  A torpor snail (Lair:4)
  An ice statue (IceCv)
  6 black mambas
  12 spiny frogs
  A rime drake (Lair:3)
  5 komodo dragons
  A troll (D:11)
  Grinder (D:3)
  15 polar bears (IceCv)
  4 hippogriffs
  7 blink frogs
  A spriggan (D:7)
  2 wyverns
  5 wraiths
  Sigmund (D:6)
  A vampire (D:9)
  28 yaks
  3 basilisks
  A steam dragon (Lair:3)
  5 swamp worms (Lair:3)
  An acid dragon (D:11)
  3 nagas (Lair:2)
  19 water moccasins
  11 porcupines
  A hornet zombie (D:8)
  9 ice beasts
  8 orc warriors
  2 sky beasts
  2 eyes of draining (D:11)
  6 ogres
  3 phantoms
  27 wolves
  11 centaurs
  4 crocodiles
  2 wyvern zombies
  12 bullfrogs
  A water moccasin zombie (D:7)
  A water moccasin skeleton (D:5)
  8 scorpions
  10 killer bees
  16 wights
  A howler monkey (D:9)
  3 electric eels
  3 crimson imps
  4 centaur zombies (Ossuary)
  2 bullfrog zombies
  A human zombie (Ossuary)
  6 orc priests
  4 hounds
  Crazy Yiuf (D:2)
  2 bullfrog skeletons
  2 centaur skeletons
  2 jellies
  6 orc wizards
  Jessica (D:4)
  5 iguanas
  Ijyb (D:4)
  Natasha (twice) (D:2)
  5 worker ants
  3 big kobold zombies (Ossuary)
  A hound skeleton (D:4)
  3 mummies (Ossuary)
  7 adders
  A howler monkey skeleton (D:10)
  A scorpion zombie (Ossuary)
  4 gnolls (D:8)
  A shadow imp (D:5)
  An ooze (D:3)
  2 adder skeletons
  5 worms
  A dart slug (D:3)
  9 leopard geckos
  44 orcs
  2 ball pythons
  7 giant cockroaches
  A gnoll zombie (Ossuary)
  4 goblins
  9 hobgoblins
  14 jackals
  3 kobolds
  A quokka (D:8)
  6 bats
  5 frilled lizards
  3 goblin zombies (Ossuary)
  A hobgoblin zombie (Ossuary)
  A kobold zombie (Ossuary)
  A leopard gecko skeleton (D:7)
  A leopard gecko zombie (D:5)
  2 orc zombies (Ossuary)
  5 rats
474 creatures vanquished.

Vanquished Creatures (others)
  A wolf (Lair:3)
  A scorpion (Ossuary)
  5 fungi
  A plant (Lair:3)
8 creatures vanquished.

Grand Total: 482 creatures vanquished

Notes
Turn   | Place    | Note
-------+----------+-------------------------------------------
     0 | D:1      | myopia the Minotaur Fighter began the quest for the Orb.
     0 | D:1      | Reached XP level 1. HP: 19/19 MP: 0/0
   186 | D:1      | Reached skill level 3 in Maces & Flails
   211 | D:1      | Reached XP level 2. HP: 19/26 MP: 1/1
   632 | D:2      | Reached skill level 4 in Maces & Flails
   823 | D:2      | Reached XP level 3. HP: 31/31 MP: 2/2
   859 | D:2      | Noticed Natasha
   863 | D:2      | Killed Natasha
   863 | D:2      | Reached skill level 5 in Maces & Flails
  1026 | D:2      | Noticed Natasha
  1030 | D:2      | Killed Natasha
  1030 | D:2      | Reached XP level 4. HP: 39/39 MP: 3/3
  1151 | D:2      | Found a runed door.
  1155 | D:2      | Noticed Crazy Yiuf
  1160 | D:2      | Killed Crazy Yiuf
  1160 | D:2      | Reached skill level 6 in Maces & Flails
  1624 | D:3      | Reached XP level 5. HP: 45/45 MP: 4/4
  1629 | D:3      | Noticed Grinder
  1665 | D:3      | Killed Grinder
  1665 | D:3      | Reached skill level 8 in Maces & Flails
  1665 | D:3      | Reached XP level 6. HP: 9/51 MP: 5/5
  2315 | D:3      | Noticed Agrougrou's ghost (amateur OpTm)
  2390 | D:4      | Reached skill level 9 in Maces & Flails
  2412 | D:4      | Found a sparkling altar of Nemelex Xobeh.
  2412 | D:4      | Noticed Jessica
  2417 | D:4      | Killed Jessica
  2538 | D:4      | Reached XP level 7. HP: 35/57 MP: 6/6
  2566 | D:4      | Found a sand-covered staircase.
  2575 | Ossuary  | Entered an ossuary
  2649 | Ossuary  | Noticed flopdemafkees's ghost (novice MfIE)
  2672 | Ossuary  | Killed flopdemafkees's ghost
  2672 | Ossuary  | Reached skill level 11 in Maces & Flails
  2925 | Ossuary  | Reached XP level 8. HP: 61/67 MP: 7/7
  2938 | Ossuary  | Reached skill level 5 in Fighting
  3294 | Ossuary  | Gained mutation: You are partially covered in large bone plates. (SH +4) [potion of mutation]
  3294 | Ossuary  | Gained mutation: Your muscles are strong. (Str +2) [potion of mutation]
  3295 | Ossuary  | Lost mutation: You are partially covered in large bone plates. (SH +4) [potion of mutation]
  3295 | Ossuary  | Lost mutation: Your muscles are strong. (Str +2) [potion of mutation]
  3295 | Ossuary  | Gained mutation: Your natural rate of healing is unusually fast. [potion of mutation]
  3295 | Ossuary  | Gained mutation: Armour fits poorly on your strangely shaped body. [potion of mutation]
  3295 | Ossuary  | Gained mutation: Your spells are a little easier to cast, but a little less powerful. [potion of mutation]
  3295 | Ossuary  | Gained mutation: You have an increased reservoir of magic. (+10% MP) [potion of mutation]
  3499 | D:4      | Found a snail-covered altar of Cheibriados.
  3717 | D:4      | Noticed Ijyb
  3724 | D:4      | Killed Ijyb
  3829 | D:5      | Entered Level 5 of the Dungeon
  4110 | D:5      | Reached XP level 9. HP: 79/84 MP: 8/8
  4225 | D:5      | Found a staircase to the Ecumenical Temple.
  4235 | Temple   | Entered the Ecumenical Temple
  4244 | Temple   | Became a worshipper of Warmaster Okawaru
  4407 | D:6      | Reached skill level 10 in Fighting
  4422 | D:6      | Reached skill level 1 in Axes
  4438 | D:6      | Noticed Agrougrou's ghost (novice OpTm)
  4454 | D:6      | Killed Agrougrou's ghost
  4599 | D:6      | Reached * piety under Okawaru
  4599 | D:6      | Reached skill level 5 in Axes
  4609 | D:6      | Noticed Sigmund
  4617 | D:6      | Killed Sigmund
  5304 | D:7      | Reached ** piety under Okawaru
  5832 | D:8      | Reached XP level 10. HP: 39/93 MP: 10/10
  5939 | D:8      | Reached skill level 5 in Shields
  6270 | D:8      | Found a stormy altar of Qazlal.
  6270 | D:8      | Noticed an oklob plant
  6394 | D:8      | Reached *** piety under Okawaru
  7115 | D:9      | Noticed gddmnbatman's ghost (novice MiBe)
  7176 | D:9      | Killed gddmnbatman's ghost
  7176 | D:9      | Reached **** piety under Okawaru
  7176 | D:9      | Reached skill level 10 in Shields
  7585 | D:9      | Found a shattered altar of Ashenzari.
  7586 | D:9      | Found an opulent altar of Gozag.
  7802 | D:10     | Entered Level 10 of the Dungeon
  7822 | D:10     | Reached skill level 5 in Armour
  7848 | D:10     | Noticed Josephine
  7879 | D:9      | Killed Josephine
  7879 | D:9      | Reached XP level 11. HP: 32/99 MP: 11/11
  8136 | D:10     | Noticed Erolcha
  8144 | D:10     | Killed Erolcha
  8144 | D:10     | Reached ***** piety under Okawaru
  8265 | D:10     | Found a staircase to the Lair.
  8458 | D:10     | Lost mutation: You have an increased reservoir of magic. (+10% MP) [potion of mutation]
  8458 | D:10     | Lost mutation: Your spells are a little easier to cast, but a little less powerful. [potion of mutation]
  8458 | D:10     | Lost mutation: Armour fits poorly on your strangely shaped body. [potion of mutation]
  8458 | D:10     | Gained mutation: You passively map a small area around you. [potion of mutation]
  8458 | D:10     | Gained mutation: You are frail. (-10% HP) [potion of mutation]
  8458 | D:10     | Gained mutation: You are partially covered in yellow scales. (AC +2) [potion of mutation]
  8458 | D:10     | Gained mutation: You are mostly covered in yellow scales. (AC +3) [potion of mutation]
  8684 | D:10     | Found a bloodstained altar of Trog.
  8963 | D:10     | Reached skill level 10 in Armour
  9116 | D:11     | Reached skill level 1 in Invocations
  9206 | D:11     | Found a staircase to the Orcish Mines.
  9259 | D:11     | Noticed a seven-headed hydra
  9468 | D:11     | Found a portal to a secret trove of treasure.
  9719 | D:11     | Killed an unseen horror
  9829 | D:11     | Reached skill level 5 in Invocations
  9859 | D:11     | Killed a seven-headed hydra
  9859 | D:11     | Received a gift from Okawaru
 10639 | Lair:1   | Entered Level 1 of the Lair of Beasts
 10962 | D:10     | Reached XP level 12. HP: 85/95 MP: 15/17
 11372 | Lair:2   | Received a gift from Okawaru
 11721 | Lair:2   | Reached skill level 10 in Invocations
 11949 | Lair:2   | Found a staircase to the Snake Pit.
 12714 | Lair:3   | Received a gift from Okawaru
 13208 | Lair:3   | Found a staircase to the Swamp.
 13734 | Lair:3   | Reached skill level 12 in Maces & Flails
 13916 | Lair:4   | Noticed Nessos
 13938 | Lair:4   | Killed Nessos
 14073 | Lair:4   | Reached skill level 13 in Maces & Flails
 14122 | Lair:4   | Reached ****** piety under Okawaru
 14122 | Lair:4   | Received a gift from Okawaru
 14122 | Lair:4   | Reached XP level 13. HP: 87/101 MP: 16/20
 14458 | Lair:4   | Found a frozen archway.
 14470 | IceCv    | Entered an ice cave
 14490 | IceCv    | Reached skill level 14 in Maces & Flails
 14828 | IceCv    | Lost mutation: You passively map a small area around you. [potion of mutation]
 14828 | IceCv    | Lost mutation: Your natural rate of healing is unusually fast. [potion of mutation]
 14828 | IceCv    | Gained mutation: Your mind is acute. (Int +2) [potion of mutation]
 14828 | IceCv    | Gained mutation: You are surrounded by a mild repulsion field. (EV +2) [potion of mutation]
 14828 | IceCv    | Gained mutation: Your flesh is cold resistant. (rC+) [potion of mutation]
 14828 | IceCv    | Gained mutation: You evolve. [potion of mutation]
 14829 | IceCv    | Lost mutation: You are frail. (-10% HP) [potion of mutation]
 14829 | IceCv    | Lost mutation: You are surrounded by a mild repulsion field. (EV +2) [potion of mutation]
 14829 | IceCv    | Lost mutation: Your mind is acute. (Int +2) [potion of mutation]
 14829 | IceCv    | Lost mutation: Your flesh is cold resistant. (rC+) [potion of mutation]
 14829 | IceCv    | Gained mutation: You can translocate small distances at will. [potion of mutation]
 14829 | IceCv    | Gained mutation: You are clumsy. (Dex -2) [potion of mutation]
 14829 | IceCv    | Lost mutation: You are clumsy. (Dex -2) [potion of mutation]
 15348 | IceCv    | Reached skill level 15 in Maces & Flails
 15361 | IceCv    | Noticed a frost giant
 15379 | IceCv    | Killed a frost giant
 15379 | IceCv    | Received a gift from Okawaru
 17393 | Lair:5   | Found a staircase to the Slime Pits.
 17771 | Lair:4   | HP: 4/122 [spiny frog (8)]
 17773 | Lair:4   | Demolished by a spiny frog

Skill      XL: |  1  2  3  4  5  6  7  8  9 10 11 12 13 |
---------------+----------------------------------------+-----
Maces & Flails | 3 4 5 6 8 9 11 13 15 | 15.0
Fighting       | 4 9 10 13 | 13.3
Axes           | 9 |  9.9
Shields        | 4 10 | 10.0
Armour         | 7 10 | 10.0
Invocations    | 8 11 | 11.0

Action                   |  1- 3 |  4- 6 |  7- 9 | 10-12 | 13-15 || total
-------------------------+-------+-------+-------+-------+-------++-------
Melee: Flail             |    64 |       |       |       |       ||    64
       Headbutt          |    13 |    16 |    81 |   282 |   122 ||   514
       Mace              |       |   109 |   395 |  1197 |   339 ||  2040
       Dire flail        |       |       |       |       |   158 ||   158
Throw: Tomahawk          |       |       |     3 |     3 |       ||     6
Invok: Heroism           |       |       |       |     8 |    13 ||    21
       Finesse           |       |       |       |     1 |     1 ||     2
  Use: Scroll            |     2 |     1 |    10 |     9 |       ||    22
       Potion            |       |     3 |     4 |    10 |     4 ||    21
 Stab: Invisible         |       |       |       |     1 |       ||     1
  Eat: Chunk             |       |     5 |     8 |    22 |     9 ||    44
       Fruit             |       |       |     3 |     3 |     1 ||     7
       Royal jelly       |       |       |       |     2 |     1 ||     3
Armor: Scale mail        |    23 |    45 |   112 |       |       ||   180
       Plate armour      |       |       |       |   546 |   425 ||   971
Dodge: Dodged            |    17 |    22 |    66 |   198 |   235 ||   538
Block: Shield            |    34 |    41 |   137 |   676 |   287 ||  1175
